 Dungeon Crawl Stone Soup version 0.24-a0-586-g8e0e932 (webtiles) character file.

Game seed: 5312834274122100635, levelgen mode: deterministic

4 Laraso the Grave Robber (level 1, -1/14 HPs)
             Began as a Draconian Necromancer on Sept 7, 2019.
             Slain by a hobgoblin (2 damage)
             ... on level 1 of the Dungeon.
             The game lasted 00:00:38 (71 turns).

Laraso the Grave Robber (Draconian Necromancer)       Turns: 71, Time: 00:00:39

Health: -1/14      AC:  4    Str: 10    XL:     1   Next: 50%
Magic:  1/3        EV: 12    Int: 15    God:
Gold:   11         SH:  0    Dex: 11    Spells: 3/4 levels left

rFire    . . .     SeeInvis .   a - +0 dagger
rCold    . . .     Gourm    .   (no shield)
rNeg     . . .     Faith    .   (armour unavailable)
rPois    .         Spirit   .   (helmet restricted)
rElec    .         Reflect  .   (no cloak)
rCorr    .         Harm     .   (no gloves)
MR       .....                  (no boots)
Stlth    ++........             (no amulet)
HPRegen  0.04/turn              (no ring)
MPRegen  0.08/turn              (no ring)

@: very slightly contaminated
A: unfitting armour, cold-blooded, AC +4
a: no special abilities


You were on level 1 of the Dungeon.
You were not hungry.

You visited 1 branch of the dungeon, and saw 1 of its levels.

You collected 11 gold pieces.

Inventory:

Hand Weapons
 a - a +0 dagger (weapon)
Comestibles
 b - a ration


   Skills:
 - Level 1.7 Dodging
 - Level 1.7 Stealth
 * Level 2.3 Spellcasting
 - Level 4.0 Necromancy


You had 3 spell levels left.
You knew the following spells:

 Your Spells              Type           Power        Failure   Level  Hunger
a - Pain                  Necr           ##..         4%          1    #......

Your spell library contained the following spells:

 Spells                   Type           Power        Failure   Level  Hunger
 Animate Skeleton         Necr           N/A          4%          1    #......
 Vampiric Draining        Necr           ##........   12%         3    ###....
 Regeneration             Chrm/Necr      #.........   28%         3    ###....
 Animate Dead             Necr           N/A          38%         4    #####..


Dungeon Overview and Level Annotations

Branches:
Dungeon (1/15)

Altars:


Innate Abilities, Weirdness & Mutations

Your plain brown scales are hard. (AC +4)
You cannot fit into any form of body armour.
You are cold-blooded and may be slowed by cold attacks.


Message History

You hit the giant cockroach but do no damage.
The giant cockroach bites you.
* * * LOW HITPOINT WARNING * * *
You take 2 damage, and have 5/14 hp.
You barely miss the giant cockroach. The giant cockroach barely misses you.
You hit the giant cockroach.
You kill the giant cockroach!
Aim: a hobgoblin (chance to defeat MR: 83%)
The kobold writhes in agony.
You kill the kobold!
You take 1 damage, and have 4/14 hp.
You now have 0/3 mp.
The hobgoblin barely misses you.
Things that are here:
a +0 dagger; a kobold corpse
a - a +0 dagger The hobgoblin misses you.
Sorry, you're not good enough to have a special ability.
Unknown command.
Wield which item (- for none, * to show all)? (? for menu, Esc to quit)
a - a +0 dagger (weapon)
The hobgoblin closely misses you.
You hit the hobgoblin but do no damage.
You tail-slap the hobgoblin, but do no damage.
The hobgoblin hits you with a +0 club.
* * * LOW HITPOINT WARNING * * *
You take 2 damage, and have 2/14 hp.
A hobgoblin comes into view.
Found a hunting sling.
Aim: a hobgoblin (chance to defeat MR: 83%)
You miscast Pain.
You are very lightly contaminated with residual magic.
Nothing appears to happen.
The hobgoblin shouts!
You now have 0/3 mp.
You hit the hobgoblin but do no damage. The hobgoblin closely misses you.
You hit the hobgoblin. The hobgoblin barely misses you.
You hit the hobgoblin. The hobgoblin closely misses you.
You aren't carrying any scrolls.
Unknown command.
You aren't carrying any potions.
Unknown command.
You closely miss the hobgoblin. The hobgoblin hits you with a +0 club.
* * * LOW HITPOINT WARNING * * *
You take 1 damage, and have 2/14 hp.
The hobgoblin hits you.
* * * LOW HITPOINT WARNING * * *
You take 1 damage, and have 1/14 hp.
The hobgoblin hits you but does no damage.
You miscast Pain.
Nothing appears to happen.
The hobgoblin closely misses you. x2
You now have 0/3 mp.
You hit the hobgoblin but do no damage.
The hobgoblin hits you but does no damage.
The hobgoblin barely misses you. The hobgoblin misses you.
The hobgoblin barely misses you. The hobgoblin barely misses you.
The hobgoblin closely misses you.
The hobgoblin hits you but does no damage.
The hobgoblin closely misses you. The hobgoblin closely misses you.
The hobgoblin hits you.
You die...

......⌠......).
.............#.
#.......#### #......<#
###...### #...# #...#
################'######
#.....gg@....††.........
#......g..#######.......
#........)# .......
########### .......
....$.. ....(.. .......


You could see 3 hobgoblins.

Vanquished Creatures
  A giant cockroach (D:1)
  2 kobolds (D:1)
3 creatures vanquished.

Notes
Turn   | Place    | Note
-------+----------+-------------------------------------------
     0 | D:1      | Laraso the Draconian Necromancer began the quest for the
                  | Orb.
     0 | D:1      | Reached XP level 1. HP: 14/14 MP: 3/3
    36 | D:1      | HP: 5/14 [giant cockroach (2)]
    46 | D:1      | HP: 2/14 [hobgoblin/+0 club (2)]
    52 | D:1      | HP: 2/14 [hobgoblin/+0 club (1)]
    71 | D:1      | Slain by a hobgoblin

Levels and vault maps discovered:
D:1:      minmay_arrival_cross, layout_rooms

Action                   || total
-------------------------++-------
Melee: Unarmed           ||    14
       Dagger            ||     6
       Tailslap          ||     1
 Cast: Pain              ||     5
Armor: Skin              ||     8
Dodge: Dodged            ||    28

Table legend:
 A = Non-vault XP
 B = Vault XP
 C = Vault XP percentage of total XP
 D = Non-vault monster count
 E = Vault monster count
 F = Vault count percentage of total count
                 A         B        C        D         E       F
            +---------+---------+-------+---------+---------+-------
      Total |       6 |       0 |   0.0 |       3 |       0 |   0.0
            +---------+---------+-------+---------+---------+-------
        D:1 |       6 |       0 |   0.0 |       3 |       0 |   0.0
            +---------+---------+-------+---------+---------+-------

Table legend:
 A = Kills in this place as a percentage of kills in entire the game.
 B = Kills by you in this place as a percentage of kills by you in the entire game.
 C = Kills by friends in this place as a percentage of kills by friends in the entire game.
 D = Other kills in this place as a percentage of other kills in the entire game.
 E = Experience gained in this place as a percentage of experience gained in the entire game.
 F = Experience gained in this place divided by the number of levels of this place that you have seen.
                   A       B       C       D       E      F
               +-------+-------+-------+-------+-------+----------------------
         Total | 100.0 | 100.0 |   N/A |   N/A | 100.0 |   6.0
       Dungeon | 100.0 | 100.0 |   N/A |   N/A | 100.0 |   6.0
               +-------+-------+-------+-------+-------+----------------------

Table legend:
 A = Turns spent in this place as a percentage of turns spent in the entire game.
 B = Non-inter-level travel turns spent in this place as a percentage of non-inter-level travel turns spent in the entire game.
 C = Inter-level travel turns spent in this place as a percentage of turns spent in this place.
 D = Turns resting spent in this place as a percentage of non-inter-level travel turns spent in this place.
 E = Turns spent auto-exploring this place as a percentage of non-inter-level travel turns spent in this place.
 F = Non-inter-level travel turns spent in this place divided by the number of levels of this place that you've seen.
                   A       B       C       D       E      F
               +-------+-------+-------+-------+-------+----------------------
         Total | 100.0 | 100.0 |   0.0 |   0.0 |   8.5 |  71.0
       Dungeon | 100.0 | 100.0 |   0.0 |   0.0 |   8.5 |  71.0
               +-------+-------+-------+-------+-------+----------------------

Levels and vault maps discovered:
D:1:      minmay_arrival_cross, layout_rooms
